 Dungeon Crawl Stone Soup version 0.19.5 (webtiles) character file.

2865 equalderp2856 the Gouger (level 9, -4/40 HPs)
             Began as a Felid Fighter on Mar 25, 2017.
             Killed from afar by Erica (21 damage)
             ... with an orb of energy
             ... on level 9 of the Dungeon.
             The game lasted 00:44:44 (14390 turns).

equalderp2856 the Gouger (Felid Fighter)           Turns: 14390, Time: 00:44:44

Health: -4/40      AC:  2    Str: 13    XL:     9   Next: 47%
Magic:  10/10      EV: 25    Int: 11    God:
Gold:   429        SH:  0    Dex: 16    Spells: 0 memorised, 8 levels left
                                        Lives:  0   Deaths: 2

rFire  . . .     SeeInvis +       - Unarmed
rCold  . . .     Gourm    .     (armour unavailable)
rNeg   . . .     Faith    .     (shield unavailable)
rPois  .         Spirit   .     (helmet unavailable)
rElec  .         Reflect  .     (cloak unavailable)
rCorr  .         Harm     .     (gloves unavailable)
MR     +....                    (boots unavailable)
Stlth  ++++......               t - amulet of regeneration
                                (no ring)
                                n - ring of wizardry

@: lethally poisoned (-4 -> -8), slowed, slow
A: no armour, no weapons or thrown items, stealth, claws 1, fangs 3, see
invisible, carnivore 3, speed 1, shaggy fur 2, slow metabolism 1, sharp paws
a: no special abilities


You were on level 9 of the Dungeon.
You were very full.

You visited 1 branch of the dungeon, and saw 9 of its levels.

You collected 429 gold pieces.

Inventory:

Missiles
 D - 145 arrows
Jewellery
 i - an uncursed amulet of the gourmand
 n - a ring of wizardry (left paw)
 t - an amulet of regeneration (around neck)
 z - an uncursed amulet of rage
 B - a +6 ring of protection {unknown}
Wands
 G - a wand of iceblast (0/15)
Scrolls
 c - 3 scrolls of random uselessness {unknown}
 e - a scroll of teleportation
 g - 3 scrolls of identify {unknown}
 h - 2 scrolls of magic mapping {unknown}
 l - a scroll of noise {unknown}
 s - 7 scrolls of remove curse {unknown}
 x - 2 scrolls of fear {unknown}
 y - 3 scrolls of recharging {unknown}
 E - 2 scrolls of enchant weapon {unknown}
 I - a scroll of torment {unknown}
 J - a scroll of amnesia {unknown}
 K - a scroll of immolation {unknown}
Potions
 a - 3 potions of might
 d - 2 potions of degeneration {unknown}
 f - 2 potions of magic {unknown}
 j - 3 potions of curing
 m - 2 potions of agility {unknown}
 o - a potion of haste {unknown}
 p - a potion of brilliance {unknown}
 q - 3 potions of cancellation {unknown}
 r - a potion of beneficial mutation {unknown}
 u - 2 potions of flight {unknown}
 A - a potion of ambrosia {unknown}
 C - 4 potions of invisibility {unknown}
 F - a potion of heal wounds {unknown}
Books
 H - a book of Frost

   Spells                             Type                      Level
   a - Freeze                         Ice                          1
   b - Throw Frost                    Conjuration/Ice              2
   c - Ozocubu's Armour               Charms/Ice                   3
   d - Throw Icicle                   Conjuration/Ice              4
   e - Summon Ice Beast               Ice/Summoning                4
Comestibles
 b - 4 meat rations
 k - 4 bread rations
 v - a slice of pizza
 w - 3 beef jerkies


   Skills:
 + Level 4.9 Fighting
 + Level 9.9 Dodging
 + Level 8.2 Stealth
 + Level 12.0 Unarmed Combat
 + Level 0.2 Evocations


You had 8 spell levels left.
You didn't know any spells.

Dungeon Overview and Level Annotations

Branches:
Dungeon (9/15)             Temple (0/1) D:6             Orc (0/2) D:9
   Lair: D:8-11

Altars:
Dithmenos
Hepliaklqana
Kikubaaqudgha
Okawaru
Qazlal
Sif Muna
Vehumet
Zin

Shops:
D:5 ?%}*}

Annotations:
D:9 Erica


Innate Abilities, Weirdness & Mutations

You cannot wear armour.
You are incapable of wielding weapons or throwing items.
Your paws allow you to move quietly. (Stealth)
You have sharp claws.
You have razor-sharp teeth.
You have supernaturally acute eyesight. (SInv)
You are carnivorous and can eat meat at any time.
You cover ground quickly.
You are covered in thick fur. (AC +2)
You have a slow metabolism.
Your sharp claws are effective at attacking unaware monsters.


Message History

Your Unarmed Combat skill increases to level 12!
You see here a giant club.
There is a stone staircase leading down here.
You climb downwards.
Level annotation: Erica
There is a stone staircase leading up here.
Found a scroll labeled WEKLI FARIGID.
Erica shouts!
Erica casts a spell at you.
You feel yourself slow down.
Erica points at you and mumbles some strange words.
The bolt of poison hits you!
You are poisoned.
Ouch! That really hurt!
You feel sick.
You feel sick. Erica casts a spell at you. The orb of energy hits you!
Ouch! That really hurt!
You die...

.....#######################.#
.............................#
..........(<.................#
...........[)................
#########....................
#..........@.........
#....................
#....................
#.......@.........?..
#....................
#########....................
.............................
.............................
............................
............................
............................
...............[............


You could see Erica.

Vanquished Creatures
  Pikel (D:5)
  Sigmund (D:2)
  4 yaks
  A hungry ghost (D:7)
  A water moccasin (D:9)
  2 sky beasts
  A phantom (D:9)
  3 orc warriors (D:7)
  A necrophage (D:6)
  4 ogres (D:8)
  3 centaurs
  Blork the orc (D:5)
  2 bullfrogs
  A wyvern skeleton (D:9)
  4 scorpions
  4 killer bees (D:8)
  5 wights (D:8)
  5 crimson imps
  A quasit (D:6)
  6 orc priests
  A centaur skeleton (D:4)
  3 hounds
  2 jellies
  An iguana (D:8)
  Ijyb (D:1)
  11 orc wizards
  7 worker ants
  A worker ant zombie (D:7)
  A howler monkey skeleton (D:6)
  11 gnolls
  14 adders
  A shadow imp (D:9)
  3 oozes
  3 adder skeletons
  3 worms
  3 dart slugs
  3 leopard geckos
  38 orcs
  7 giant cockroaches
  7 goblins
  9 hobgoblins
  4 jackals (D:6)
  2 quokkas
  A ball python (D:6)
  3 bats
  6 frilled lizards
  7 kobolds
  A quokka zombie (D:4)
  10 rats
215 creatures vanquished.

Vanquished Creatures (others)
  A bullfrog skeleton (D:4)
1 creature vanquished.

Grand Total: 216 creatures vanquished

Notes
Turn   | Place    | Note
-------+----------+-------------------------------------------
     0 | D:1      | equalderp2856 the Felid Fighter began the quest for the Orb.
     0 | D:1      | Reached XP level 1. HP: 10/10 MP: 2/2
   239 | D:1      | Reached XP level 2. HP: 14/14 MP: 3/3
   841 | D:1      | Reached XP level 3. HP: 17/17 MP: 4/4
  1007 | D:2      | Noticed Sigmund
  1137 | D:3      | Reached skill level 1 in Stealth
  1625 | D:3      | Found a deep blue altar of Sif Muna.
  1981 | D:2      | Reached skill level 5 in Unarmed Combat
  1981 | D:2      | Reached XP level 4. HP: 20/21 MP: 5/5
  2054 | D:2      | Noticed Ijyb
  2076 | D:1      | Killed Ijyb
  2076 | D:1      | Reached skill level 5 in Dodging
  2501 | D:2      | Reached XP level 5. HP: 24/24 MP: 6/6
  2535 | D:2      | Killed Sigmund
  2535 | D:2      | Reached skill level 6 in Unarmed Combat
  2535 | D:2      | Gained mutation: You are covered in thick fur. (AC +2) [Felid growth]
  2535 | D:2      | Reached XP level 6. HP: 28/28 MP: 7/7
  4216 | D:4      | Mangled by an orc priest
  4217 | D:4      | Reached XP level 5. HP: -11/24 MP: 6/6
  4375 | D:4      | Reached XP level 6. HP: 28/28 MP: 7/7
  4608 | D:4      | Reached skill level 7 in Unarmed Combat
  5594 | D:5      | Entered Level 5 of the Dungeon
  5595 | D:5      | Found Taank's Gadget Shoppe.
  5698 | D:4      | Reached XP level 7. HP: 23/31 MP: 8/8
  5808 | D:5      | Found Utaepsoss's Food Emporium.
  5823 | D:5      | Noticed Blork the orc
  5835 | D:5      | Killed Blork the orc
  5835 | D:5      | Reached skill level 8 in Unarmed Combat
  5854 | D:5      | Found Yserhar's Magic Scroll Emporium.
  5953 | D:5      | Found Vyityrgh's General Store.
  6287 | D:5      | Found Jucit's Gadget Emporium.
  6683 | D:6      | Reached XP level 8. HP: 35/35 MP: 9/9
  6738 | D:6      | Reached skill level 9 in Unarmed Combat
  7250 | D:6      | Found a staircase to the Ecumenical Temple.
  7462 | D:7      | Reached skill level 5 in Stealth
  8249 | D:7      | Reached skill level 10 in Unarmed Combat
  8668 | D:7      | Noticed Pikel
 10545 | D:5      | Killed Pikel
 10545 | D:5      | Reached XP level 9. HP: 35/39 MP: 10/10
 11309 | D:8      | Found a stormy altar of Qazlal.
 11580 | D:8      | Found an iron altar of Okawaru.
 11747 | D:8      | Found a shadowy altar of Dithmenos.
 11747 | D:8      | Found a radiant altar of Vehumet.
 11775 | D:8      | Reached skill level 11 in Unarmed Combat
 11963 | D:8      | Found a hazy altar of Hepliaklqana.
 11966 | D:8      | Found an ancient bone altar of Kikubaaqudgha.
 12427 | D:8      | Found a glowing silver altar of Zin.
 12477 | D:9      | Found a staircase to the Orcish Mines.
 13180 | D:8      | Slain by a killer bee
 13181 | D:8      | Reached XP level 8. HP: -2/36 MP: 9/9
 13285 | D:8      | Reached XP level 9. HP: 39/40 MP: 10/10
 13425 | D:9      | Noticed Erica
 14358 | D:8      | Reached skill level 12 in Unarmed Combat
 14390 | D:9      | Killed from afar by Erica

Skill      XL: |  1  2  3  4  5  6  7  8  9 |
---------------+----------------------------+-----
Stealth        | 1 2 3 4 6 8 |  8.2
Unarmed Combat | 5 6 7 8 10 12 | 12.0
Dodging        | 5 6 7 8 9 |  9.9
Fighting       | 4 |  4.9
Evocations     | |  0.2

Action                   |  1- 3 |  4- 6 |  7- 9 || total
-------------------------+-------+-------+-------++-------
Melee: Unarmed           |    90 |   233 |   452 ||   775
       Bite              |    14 |    25 |    49 ||    88
       Punch             |     1 |     5 |    19 ||    25
Evoke: Wand              |       |       |     2 ||     2
  Use: Potion            |       |     2 |     4 ||     6
       Scroll            |       |       |     1 ||     1
 Stab: Sleeping          |     4 |     4 |     9 ||    17
       Distracted        |       |     1 |     4 ||     5
  Eat: Chunk             |     2 |    14 |    14 ||    30
       Royal jelly       |       |       |     1 ||     1
Armor: Skin              |     4 |     6 |    18 ||    28
Dodge: Dodged            |    57 |   161 |   417 ||   635
